 Dungeon Crawl Stone Soup version 0.28-a0-1143-gcf6077d4cc (webtiles) character file.

Game seed: 12319089182497758136

25 ytrimaz the Shield-Bearer (level 3, -11/29 HPs)
             Began as a Formicid Fighter on Dec 13, 2021.
             Killed by an exploding hobgoblin (40 damage)
             ... ignited by their inner flame
             ... on level 2 of the Dungeon.
             The game lasted 00:00:53 (904 turns).

ytrimaz the Shield-Bearer (Formicid Fighter)         Turns: 904, Time: 00:00:54

Health: -11/29     AC: 10    Str: 22    XL:     3   Next: 20%
Magic:  3/3        EV:  9    Int:  7    God:
Gold:   72         SH:  4    Dex: 10    Spells: 2/2 levels left

rFire   . . .      SeeInvis +   a - +0 war axe
rCold   . . .      Faith    .   c - +0 buckler
rNeg    . . .      Spirit   .   b - +0 scale mail
rPois   .          Reflect  .   (helmet unavailable)
rElec   .          Harm     .   (no cloak)
rCorr   .          Rampage  .   (no gloves)
Will    .....                   g - +2 pair of boots
Stlth   ..........              (no amulet)
HPRegen 0.09/turn               (no ring)
MPRegen 0.08/turn               (no ring)

@: no status effects
A: permanent stasis, dig shafts and tunnels, antennae 3, four strong arms
a: Dig, Shaft Self


You were on level 2 of the Dungeon.
You visited 1 branch of the dungeon, and saw 2 of its levels.

You collected 72 gold pieces.

Inventory:

Hand Weapons
 a - a +0 war axe (weapon)
Armour
 b - a +0 scale mail (worn)
 c - a +0 buckler (worn)
 g - a +2 pair of boots (worn)
Potions
 d - a potion of might
 e - 3 potions of heal wounds
 f - a potion of invisibility
 h - a potion of cancellation {unknown}
 j - a potion of curing {unknown}


   Skills:
 + Level 3.6 Fighting
 * Level 2.5 Axes
 + Level 3.6 Armour
 + Level 3.9 Shields


You had 2 spell levels left.
You didn't know any spells.
Your spell library contained the following spells:

 Spells                   Type           Power      Damage    Failure   Level
 Dazzling Flash           Conj/Hex       0%         N/A       98%         3
 Iskenderun's Mystic Bla  Conj/Tloc      0%         2d3       100%        4
 Starburst                Conj/Fire      0%         6d3       100%        6


Dungeon Overview and Level Annotations

Branches:
Dungeon (2/15)

Altars:


Innate Abilities, Weirdness & Mutations

You cannot be hasted, slowed, berserked, paralysed or teleported.
You can dig through walls and to a lower floor.
You have a pair of large antennae on your head. (SInv)
Your four strong arms can wield two-handed weapons with a shield.


Message History

Found a stone staircase leading down.
A rat comes into view.
Found 10 gold pieces.
The rat moves out of view.
A ball python comes into view.
The ball python hisses angrily.
There is a stone staircase leading down here.
There are monsters nearby!
There are monsters nearby!
You hit the ball python.
You kill the ball python!
The rat bites you but does no damage.
You see here a ball python corpse.
You barely miss the rat. You block the rat's attack.
You closely miss the rat. The rat bites you but does no damage.
The rat bites you.
You completely miss the rat. The rat barely misses you.
You barely miss the rat. You block the rat's attack.
The rat closely misses you.
You closely miss the rat. The rat completely misses you.
You slash the rat!
You kill the rat!
You see here a rat corpse.
HP restored.
You now have 72 gold pieces (gained 10).
You sense a monster nearby.
A hobgoblin comes into view.
The hobgoblin shouts!
A hobgoblin is nearby!
A hobgoblin is nearby!
As you read the scroll labelled CELOTT NIGIBYNK, it crumbles to dust.
The creatures around you are filled with an inner flame!
It was a scroll of immolation.
Unknown command.
You closely miss the hobgoblin. The hobgoblin closely misses you.
Unknown command.
You slash the hobgoblin!
The hobgoblin explodes!
The fiery explosion engulfs you!!!
Ouch! That really hurt!
You die...

..###.# #.#.# ..###.#
#.#.# ..††.># #.#.#
..##### #.#.# ..#
#.#.# ..# #.#.# #####
########.#§# ....#
........§§§# ###.#
########@### #.# {
#...#
#.##############.##
#.##..............#
###.##.##############
....##.# ######.#
######.# .......#


There were no monsters in sight!

Vanquished Creatures
  A dart slug (D:1)
  2 bats
  2 endoplasms (D:1)
  A giant cockroach (D:2)
  6 goblins (D:1)
  3 hobgoblins
  3 ball pythons
  2 kobolds (D:1)
  2 rats
22 creatures vanquished.

Notes
Turn   | Place    | Note
-------+----------+-------------------------------------------
     0 | D:1      | ytrimaz the Formicid Fighter began the quest for the Orb.
     0 | D:1      | Reached XP level 1. HP: 18/18 MP: 1/1
   214 | D:1      | Reached XP level 2. HP: 17/24 MP: 2/2
   502 | D:1      | Found a faded altar of an unknown god.
   723 | D:2      | Reached XP level 3. HP: 28/29 MP: 3/3
   904 | D:2      | Killed by an exploding hobgoblin... ignited by their inner
                  | flame

Illustrated notes

Levels and vault maps discovered:
D:1:      elethiomel_arrival_quiet, layout_basic,
          hellmonk_ecumenical_altar_pennies_from_heaven
D:2:      layout_basic, serial_shops, shop

Action                   || total
-------------------------++-------
Melee: War axe           ||    62
  Use: Scroll            ||     2
       Potion            ||     1
Armor: Scale mail        ||    35
Dodge: Dodged            ||    25
Block: Buckler           ||    12

Table legend: (Time is in decaauts)
 A = Elapsed time spent in this place.
 B = Non-inter-level travel time spent in this place.
 C = Inter-level travel time spent in this place.
 D = Time resting spent in this place.
 E = Time spent auto-exploring this place.
 F = Levels seen in this place.
 G = Mean time per level.
                   A        B        C        D        E       F      G
               +--------+--------+--------+--------+--------+-----+--------+
         Total |    929 |    913 |     16 |      0 |    718 |   2 |  464.5 |
       Dungeon |    929 |    913 |     16 |      0 |    718 |   2 |  464.5 |
               +--------+--------+--------+--------+--------+-----+--------+

Top non-repeatable levels by time:
     D:1: 723 daAuts
     D:2: 206 daAuts
